AoeStats
← ska_18

Nomad

504093462Analyzed
3v3 RM · 29d ago on Sep 3, 2026· 42m 12s· 6 players
Game mode
Random Map
Map size
210×210
Population
200
Speed
Normal
Resources
Standard
Victory
Conquest
Starting age
Dark Age
Ending age
Imperial Age
RankedLock teamsTeams togetherTeam positionsShared explorationLock speedFull tech treeHidden civsTurbo modeCheats
Victory
Defeat
🇨🇳 Mongols · China
1120
+15
🇦🇹 Saracens · Austria
1076
+17
🇱🇻 Magyars · Latvia
1072
+17
🇧🇷 Cumans · Brazil
1166
-20
🇺🇦 Vietnamese · Ukraine
1143
-18
🇦🇷 Persians · Argentina
980
-16
ska_18
3:21 Loom
13:51 Feudal Age
16:46 Double-Bit Axe
16:46 Horse Collar
20:34 Castle Age
18:52 Fishing Lines
22:52 Wheelbarrow
22:02 Town Watch
22:28 Bow Saw
22:10 Gillnets
22:17 Gold Mining
23:43 Heavy Plow
23:34 Stone Mining
24:31 Hand Cart
27:52 Gold Shaft Mining
28:38 Murder Holes
29:14 Fletching
29:34 Forging
29:30 Scale Barding Armor
30:01 Fervor
30:13 Sanctity
30:07 Treadmill Crane
30:37 Masonry
30:58 Fortified Wall
35:46 Imperial Age
33:56 Coinage
34:05 Iron Casting
33:25 Bodkin Arrow
34:13 Medium Warships
34:33 Town Patrol
34:55 Chain Barding Armor
35:11 Bloodlines
35:01 Husbandry
34:22 Light Cavalry
36:38 Bimaristan
37:05 Conscription
36:53 Siege Engineers
37:25 Hoardings
37:55 Blast Furnace
37:31 Plate Barding Armor
37:09 Elite Mameluke
39:46 Chemistry
39:07 Ballistics
38:51 Bracer
39:48 Banking
40:20 Two-Man Saw
40:11 Hussar
40:42 Guard Tower
40:37 Arrowslits
43:07 Keep
42:20 Arrowslits
LowExpectations
3:23 Loom
13:40 Feudal Age
14:44 Double-Bit Axe
15:40 Wheelbarrow
17:40 Horse Collar
18:11 Gold Mining
20:35 Castle Age
19:34 Scale Barding Armor
21:54 Bow Saw
22:23 Gold Shaft Mining
25:39 Fletching
31:38 Hand Cart
35:15 Bodkin Arrow
35:31 Thumb Ring
39:23 Imperial Age
37:11 Padded Archer Armor
38:41 Leather Archer Armor
38:42 Bloodlines
38:32 Husbandry
42:24 Bracer
pickmyself or end
5:30 Loom
14:22 Feudal Age
15:22 Double-Bit Axe
15:48 Fishing Lines
18:56 Castle Age
17:51 Stone Mining
17:52 Gold Mining
17:44 Horse Collar
18:13 Town Watch
19:04 Wheelbarrow
19:58 Heavy Plow
20:09 Bow Saw
21:31 Hand Cart
22:27 Stone Shaft Mining
24:45 Fletching
24:56 Padded Archer Armor
25:59 Fervor
27:18 Bodkin Arrow
27:56 Ballistics
29:52 Bloodlines
29:43 Husbandry
29:48 Thumb Ring
32:18 Gold Shaft Mining
35:19 Imperial Age
32:49 Light Cavalry
34:32 Forging
34:39 Leather Archer Armor
34:29 Scale Barding Armor
36:27 Conscription
35:28 Elite Mangudai
36:11 Bracer
36:20 Scale Barding Armor
36:50 Iron Casting
37:16 Chemistry
36:49 Parthian Tactics
36:50 Hussar
36:58 Capped Ram
38:26 Siege Engineers
38:32 Masonry
38:33 Fortified Wall
38:18 Murder Holes
40:17 Drill
39:57 Siege Ram
Merrick
3:22 Loom
12:49 Feudal Age
21:30 Horse Collar
27:40 Castle Age
27:10 Wheelbarrow
27:18 Scale Barding Armor
27:29 Bloodlines
30:16 Heavy Plow
31:02 Forging
31:34 Steppe Husbandry
35:23 Capped Ram
38:00 Double-Bit Axe
Mehrab
10:00 Loom
16:44 Feudal Age
19:00 Double-Bit Axe
19:02 Fishing Lines
21:56 Gold Mining
26:06 Castle Age
28:32 Medium Warships
29:17 Elite Skirmisher
32:09 Pikeman
36:33 Imperial Age
37:35 Bow Saw
Alvinangus
10:11 Loom
12:53 Feudal Age
14:18 Wheelbarrow
18:16 Castle Age
17:18 Double-Bit Axe
17:31 Fletching
19:24 Bodkin Arrow
20:29 Crossbowman
22:25 Padded Archer Armor
24:25 Hand Cart
33:27 Horse Collar
34:06 Bow Saw
35:48 Scale Mail Armor
36:16 Squires
36:03 Arson
40:53 Imperial Age
39:35 Leather Archer Armor
39:32 Forging
Connection lost

Rejoining the realm…

Still unreachable

The connection could not be restored.

Session expired

The server has moved on; the page needs a fresh start.